 Dungeon Crawl Stone Soup version 0.29.0-4-gdea44cf6ec (webtiles) character file.

Game seed: 11238219706180469793

249 qw the Chopper (level 6, -5/35 HPs)
             Began as a Tengu Warper on Aug 28, 2022.
             Slain by a gnoll
             ... wielding a +0 spear
              (7 damage)
             ... on level 4 of the Dungeon.
             The game lasted 00:00:19 (3558 turns).

qw the Chopper (Tengu Warper)                       Turns: 3558, Time: 00:00:20

Health: -5/35      AC: 10    Str: 13    XL:     6   Next: 12%
Magic:  10/10      EV: 15    Int: 14    God:
Gold:   164        SH:  0    Dex: 13    Spells: 9/9 levels left

rFire   . . .      SeeInvis .   Y - +0 broad axe
rCold   . . .      Faith    .   (no shield)
rNeg    . . .      Spirit   .   f - +0 scale mail
rPois   .          Reflect  .   c - +1 hat
rElec   .          Harm     .   i - +2 cloak
rCorr   .          Rampage  .   (no gloves)
Will    .....                   (boots unavailable)
Stlth   ..........              (no amulet)
HPRegen 0.11/turn               j - +4 ring of evasion
MPRegen 0.12/turn               (no ring)

@: flying quickly and evasively, quick
A: beak, talons 3, nimble flight
a: no special abilities


You were on level 4 of the Dungeon.
You visited 1 branch of the dungeon, and saw 4 of its levels.

You collected 164 gold pieces.


Innate Abilities, Weirdness & Mutations

You have a beak for a mouth.
You have claws for feet.
Your magical nature lets you fly swiftly and evasively.


   Skills:
 - Level 2.0 Fighting
 + Level 6.8 Axes
 - Level 1.0 Throwing
 - Level 1.1 Armour
 - Level 2.1 Dodging
 - Level 2.0 Spellcasting
 - Level 2.4 Translocations


You had 9 spell levels left.
You didn't know any spells.
Your spell library contained the following spells:

 Spells                   Type           Power      Damage    Failure   Level
 Blink                    Tloc           16%        N/A       54%         2
 Gell's Gravitas          Tloc           8%         N/A       78%         3
 Lesser Beckoning         Tloc           8%         N/A       78%         3
 Teleport Other           Tloc           8%         N/A       78%         3
 Manifold Assault         Tloc           8%         N/A       100%        5

Inventory:

Hand Weapons
 g - a +0 hand axe of flaming
 Y - a +0 broad axe (weapon)
Armour
 c - a +1 hat (worn)
 f - a +0 scale mail (worn)
 i - a +2 cloak (worn)
Jewellery
 j - a +4 ring of evasion (left hand)
Scrolls
 a - a scroll of identify
Potions
 b - a potion of curing
 e - a potion of might

Dungeon Overview and Level Annotations

Branches:
Dungeon (4/15)
 Temple: D:4-7

Altars:


Message History

The gnoll hits you with a +0 flail. The gnoll misses you.
3546 ||| Stepping ~*~*~tactically~*~*~ (stealth).
You hit the gnoll.
You kill the gnoll!
You have reached level 6!
You slash the hobgoblin!
You kill the hobgoblin!
The gnoll hits you but does no damage.
The gnoll shouts!
The gnoll hits you with a +0 spear.
Things that are here:
a +0 flail; a gnoll corpse You slash the gnoll!
You kill the gnoll!
The gnoll closely misses you. The gnoll misses you.
You hit the gnoll. You claw the gnoll, but do no damage.
The gnoll is moderately wounded.
The gnoll misses you.
A goblin comes into view. It is wielding a +0 dagger.
The gnoll hits you but does no damage. The gnoll completely misses you.
The gnoll hits you with a +0 spear.
You barely miss the gnoll. Your kick misses the gnoll.
The gnoll is moderately wounded.
The gnoll barely misses you. The gnoll closely misses you.
You hit the gnoll. You peck the gnoll.
The gnoll is severely wounded.
The gnoll hits you with a +0 spear!
The gnoll hits you from afar with a +0 spear.
You slash the gnoll!
You kill the gnoll!
You barely miss the goblin. The goblin misses you.
The gnoll closely misses you.
You closely miss the goblin.
The gnoll hits you from afar with a +0 spear.
The goblin misses you. x2; The gnoll completely misses you.
You slash the goblin!
You kill the goblin!
The gnoll hits you but does no damage. The gnoll hits you with a +0 spear!
You die...

######### #...<...#
#...)...#^
###########.........#
........)).........##
#########............
#...)@#.......#...
....###g........#...
.. ..............
####.......##
#########


You could see a gnoll.

Vanquished Creatures
  An orc priest (D:3)
  An iguana (D:3)
  An orc wizard (D:3)
  Robin (D:2)
  3 gnolls (D:4)
  4 adders (D:2)
  2 worms (D:3)
  2 dart slugs
  2 orcs (D:3)
  6 endoplasms
  5 giant cockroaches
  15 goblins
  10 hobgoblins
  3 jackals
  4 kobolds (D:2)
  5 quokkas
  2 ball pythons
  5 bats
  A frilled lizard (D:2)
  5 rats
78 creatures vanquished.

Notes
Turn   | Place    | Note
-------+----------+-------------------------------------------
     0 | D:1      | qw the Tengu Warper began the quest for the Orb.
     0 | D:1      | Reached XP level 1. HP: 12/12 MP: 4/4
     0 | D:1      | 0 ||| qw: Version: 0.1-a-89-g26bdef1
     0 | D:1      | 0 ||| qw: Game counter: 1969
     0 | D:1      | 0 ||| qw: Always use a shield: true
     0 | D:1      | 0 ||| qw: God list: Okawaru
     0 | D:1      | 0 ||| qw: Allow faded altars: false
     0 | D:1      | 0 ||| qw: Do Orc after D:15 true
     0 | D:1      | 0 ||| qw: Do second Lair branch before Depths: true
     0 | D:1      | 0 ||| qw: Lair rune preference: random
     0 | D:1      | 0 ||| qw: Plans: Normal
     0 | D:1      | 0 ||| PLANNING D:1-11
   258 | D:1      | Reached XP level 2. HP: 17/17 MP: 6/6
   269 | D:1      | Reached skill level 3 in Axes
   456 | D:1      | Found a faded altar of an unknown god.
   499 | D:1      | 499 ||| Stepping ~*~*~tactically~*~*~ (stealth).
   500 | D:1      | 500 ||| Stepping ~*~*~tactically~*~*~ (stealth).
   827 | D:1      | Reached XP level 3. HP: 21/21 MP: 7/7
  1015 | D:1      | 1015 ||| UPGRADING to +0 scale mail.
  1025 | D:1      | 1025 ||| DROPPING +0 leather armour.
  1026 | D:1      | 1026 ||| DROPPING amulet of faith.
  1027 | D:1      | 1027 ||| READING scroll labelled SATOTZ PEAGH.
  1028 | D:1      | 1028 ||| READING scroll labelled YCYKKUUDUO.
  1129 | D:1      | 1129 ||| READING scroll labelled ODON CEOCSI.
  1130 | D:1      | 1130 ||| DRINKING 2 metallic white potions.
  1131 | D:1      | 1131 ||| DRINKING 2 cyan potions.
  1170 | D:1      | 1170 ||| DROPPING scroll of blinking.
  1171 | D:1      | 1171 ||| DROPPING potion of magic.
  1172 | D:1      | 1172 ||| DROPPING potion of lignification.
  1236 | D:2      | Reached skill level 4 in Axes
  1387 | D:2      | 1387 ||| Stepping ~*~*~tactically~*~*~ (stealth).
  1527 | D:2      | Reached XP level 4. HP: 8/26 MP: 8/8
  1528 | D:2      | HP: 6/26 [poisoned by an adder]
  1532 | D:2      | HP: 2/26 [poisoned by an adder]
  1846 | D:2      | 1846 ||| Stepping ~*~*~tactically~*~*~ (stealth).
  1849 | D:2      | 1849 ||| Stepping ~*~*~tactically~*~*~ (stealth).
  1865 | D:2      | 1865 ||| Stepping ~*~*~tactically~*~*~ (stealth).
  1866 | D:2      | 1866 ||| Stepping ~*~*~tactically~*~*~ (stealth).
  1870 | D:2      | 1870 ||| Stepping ~*~*~tactically~*~*~ (stealth).
  1879 | D:2      | Noticed Robin
  1880 | D:2      | 1880 ||| Stepping ~*~*~tactically~*~*~ (stealth).
  1888 | D:2      | Reached skill level 5 in Axes
  1922 | D:2      | Killed Robin
  2252 | D:2      | 2252 ||| UPGRADING to +1 hat.
  2257 | D:2      | 2257 ||| READING scroll labelled BECO MODWAQ.
  2258 | D:2      | 2258 ||| READING scroll labelled XUOCKU ANATIU.
  2259 | D:2      | 2259 ||| DRINKING 2 inky potions.
  2260 | D:2      | 2260 ||| READING 3 scrolls of identify.
  2260 | D:2      | 2260 ||| IDENTIFYING amethyst potion
  2261 | D:2      | 2261 ||| READING 2 scrolls of identify.
  2261 | D:2      | 2261 ||| IDENTIFYING yellow potion
  2262 | D:2      | 2262 ||| DROPPING potion of degeneration.
  2263 | D:2      | 2263 ||| DROPPING potion of ambrosia.
  2355 | D:3      | 2355 ||| Stepping ~*~*~tactically~*~*~ (hiding).
  2358 | D:3      | 2358 ||| Stepping ~*~*~tactically~*~*~ (stealth).
  2359 | D:3      | 2359 ||| Stepping ~*~*~tactically~*~*~ (stealth).
  2360 | D:3      | 2360 ||| Stepping ~*~*~tactically~*~*~ (stealth).
  2364 | D:3      | Gained mutation: Your magical nature lets you fly swiftly
                  | and evasively. [Tengu growth]
  2364 | D:3      | Reached XP level 5. HP: 30/30 MP: 9/9
  2481 | D:3      | 2481 ||| SWAPPING to +0 broad axe.
  2942 | D:3      | Reached skill level 6 in Axes
  3073 | D:3      | 3073 ||| Stepping ~*~*~tactically~*~*~ (hiding).
  3318 | D:3      | 3318 ||| UPGRADING to +2 cloak.
  3323 | D:3      | 3323 ||| DROPPING ring of magical power.
  3324 | D:3      | 3324 ||| UPGRADING to +4 ring of evasion.
  3325 | D:3      | 3325 ||| READING scroll labelled ELAQOWN OMIRGHEER.
  3326 | D:3      | 3326 ||| DRINKING 2 glowing orange potions.
  3327 | D:3      | 3327 ||| Stepping randomly (stuck).
  3328 | D:3      | 3328 ||| Stepping ~*~*~tactically~*~*~ (cloud).
  3524 | D:4      | 3524 ||| STAIRDANCE
  3538 | D:4      | 3538 ||| Stepping ~*~*~tactically~*~*~ (stealth).
  3541 | D:4      | 3541 ||| Stepping ~*~*~tactically~*~*~ (hiding).
  3546 | D:4      | 3546 ||| Stepping ~*~*~tactically~*~*~ (stealth).
  3548 | D:4      | Reached XP level 6. HP: 17/35 MP: 10/10
  3554 | D:4      | HP: 8/35 [gnoll/+0 spear (7)]
  3554 | D:4      | HP: 3/35 [gnoll/+0 spear (5)]
  3558 | D:4      | Slain by a gnoll

Levels and vault maps discovered:
D:1:      dpeg_arrival_houses_and_road, layout_basic,
          hellmonk_ecumenical_altar_leap_of_faith, st_stairs_3
D:2:      layout_rooms, corexii_corridor_pit, grunt_decor_junction, st_stairs_9,
          minmay_split_cup_small, uniq_robin
D:3:      layout_basic
D:4:      layout_rooms

Skill      XL: |  1  2  3  4  5 |
---------------+----------------+-----
Axes           | 3 4 5 6 |  6.8
Fighting       | |  2.0
Throwing       | |  1.0
Armour         | |  1.1
Dodging        | |  2.1
Spellcasting   | |  2.0
Translocations | |  2.4

Action                   |  1- 3 |  4- 6 || total
-------------------------+-------+-------++-------
Melee: Hand axe          |    70 |    48 ||   118
       Kick              |    14 |    18 ||    32
       Peck              |    10 |    11 ||    21
       Punch             |     1 |     2 ||     3
       Broad axe         |       |    49 ||    49
Throw: Boomerang         |     7 |       ||     7
  Use: Scroll            |     3 |     5 ||     8
       Potion            |     2 |     2 ||     4
Armor: Leather armour    |     1 |       ||     1
       Scale mail        |    18 |    24 ||    42
Dodge: Dodged            |    26 |    45 ||    71

Table legend:
 A = Non-vault XP
 B = Vault XP
 C = Vault XP percentage of total XP
 D = Non-vault monster count
 E = Vault monster count
 F = Vault count percentage of total count
                 A         B        C        D         E       F
            +---------+---------+-------+---------+---------+-------
      Total |     298 |      59 |  16.5 |      60 |      18 |  23.1
            +---------+---------+-------+---------+---------+-------
        D:1 |      33 |       4 |  10.8 |      18 |       2 |  10.0
        D:2 |      60 |      55 |  47.8 |      17 |      16 |  48.5
        D:3 |     156 |       0 |   0.0 |      19 |       0 |   0.0
        D:4 |      49 |       0 |   0.0 |       6 |       0 |   0.0
            +---------+---------+-------+---------+---------+-------
